 Dungeon Crawl Stone Soup version 0.19-a0-1932-g59670f6 (webtiles) character file.

9352 PurpleRed the Destroyer (level 11, -5/59 HPs)
             Began as a Kobold Conjurer on Oct 25, 2016.
             Was a Priest of Vehumet.
             Slain by a freezing wraith (10 damage)
             ... led by a death knight
             ... on level 11 of the Dungeon.
             The game lasted 00:48:27 (4394 turns).

PurpleRed the Destroyer (Kobold Conjurer)           Turns: 4394, Time: 00:48:27

Health: -5/59      AC:  8    Str:  6    XL:     11   Next: 72%
Magic:  1/28       EV: 15    Int: 19    God:    Vehumet [***...]
Gold:   410        SH:  0    Dex: 16    Spells: 4 memorised, 19 levels left

rFire  . . .     SeeInvis .     s - +5 quarterstaff (chaos)
rCold  . . .     Gourm    .     m - +2 robe {MR+}
rNeg   . . .     Faith    .     (shield currently unavailable)
rPois  +         Spirit   .     (helmet restricted)
rElec  .         Reflect  .     t - +2 cloak {rPois}
rCorr  .         Harm     .     (no gloves)
MR     +....                    y - +0 pair of boots
Stlth  ++........               (no amulet)
                                (no ring)
                                (no ring)

@: slowed, very slow
A: horns 1, carnivore 3, high mp 1, robust 1
a: Renounce Religion


You were on level 11 of the Dungeon.
You worshipped Vehumet.
Vehumet was most pleased with you.
You were very full.

You visited 1 branch of the dungeon, and saw 12 of its levels.

You collected 410 gold pieces.

Inventory:

Hand Weapons
 s - a +5 quarterstaff of chaos (weapon)
 v - a +3 dagger of distortion
 x - a +1 dagger of venom
Missiles
 j - 2 throwing nets (quivered)
Armour
 m - a +2 robe of magic resistance (worn)
 t - a +2 cloak of poison resistance (worn)
 y - a +0 pair of boots (worn)
Magical Staves
 w - an uncursed staff of death
Wands
 d - a wand of confusion (26/48)
 g - a wand of paralysis (11/24)
 k - a wand of lightning (3/15)
 o - a wand of flame (25/48)
 p - a wand of polymorph (11/24)
Scrolls
 h - a scroll of fear
 i - 3 scrolls of remove curse
 q - a scroll of immolation {unknown}
Potions
 e - a potion of flight
 f - a potion of resistance
 l - 2 potions of cancellation
 u - a potion of mutation
Books
 b - a book of Conjurations

   Spells                             Type                      Level
   a - Magic Dart                     Conjuration                  1
   b - Searing Ray                    Conjuration                  2
   c - Dazzling Spray                 Conjuration/Hexes            3
   d - Fulminant Prism                Conjuration/Hexes            4
   e - Iskenderun's Mystic Blast      Conjuration                  4
   f - Iskenderun's Battlesphere      Conjuration/Charms           5
Comestibles
 a - 2 chunks of flesh
 c - 3 meat rations
 n - a slice of pizza
 r - a beef jerky


   Skills:
 - Level 2.4 Dodging
 - Level 2.6 Stealth
 * Level 10.7 Spellcasting
 * Level 12.7 Conjurations
 - Level 5.4 Charms


You had 19 spell levels left.
You knew the following spells:

 Your Spells              Type           Power        Failure   Level  Hunger
a - Magic Dart            Conj           ####         1%          1    None
b - Searing Ray           Conj           ######       1%          2    None
c - Iskenderun's Mystic   Conj           ######..     1%          4    ##.....
d - Iskenderun's Battles  Conj/Chrm      #####...     1%          5    ####...


Dungeon Overview and Level Annotations

Branches:
Dungeon (12/15)            Temple (0/1) D:5            Lair (0/6) D:9
    Orc: D:9-12

Altars:
Ashenzari
Gozag
Hepliaklqana
Kikubaaqudgha
Makhleb
Okawaru
Qazlal
Sif Muna
Trog
Uskayaw
Vehumet
Yredelemnul

Annotations:
D:10 Grum


Innate Abilities, Weirdness & Mutations

You are small and have problems with some larger weapons.
You are carnivorous and can eat meat at any time.
You have a pair of small horns on your head.
You have an increased reservoir of magic. (+10% MP)
You are robust. (+10% HP)


Message History

The crocodile barely misses you.
The freezing wraith hits you but does no damage.
The freezing wraith misses you. The crocodile closely misses you.
The freezing wraith hits you! The freezing wraith freezes you!
* * * LOW HITPOINT WARNING * * *
The freezing wraith closely misses you.
Casting: Iskenderun's Mystic Blast
Confirm with . or Enter, or press ? or * to list all spells.
Aiming: Magic Dart
Press: ? - help, Shift-Dir - straight line, f/p - freezing wraith
Aim: a freezing wraith (almost destroyed)
The magic dart hits the freezing wraith.
The freezing wraith is almost destroyed.
Your battlesphere fires!
The barrage of energy hits the freezing wraith.
The freezing wraith is almost destroyed.
The crocodile bites you!
* * * LOW HITPOINT WARNING * * *
The freezing wraith hits you!
You die...

#..##........#.......
#..).........#... ...
#..#.........#..# #.. #.
#...####..#..# #.. #
#.*.# #..#..# #.. #...#
#..#..# #.. #...#
#..#..# #.. #Wt.#
#..#..###..
...#@(.####..#.......
..................(.....
########################


You could see a freezing wraith, a crocodile and a friendly battlesphere.

Vanquished Creatures
  Josephine (D:10)
  Erica (D:9)
  2 hill giants (D:11)
  An ugly thing (D:11)
  Maurice (D:8)
  Joseph (D:9)
  A gargoyle (D:10)
  Psyche (D:10)
  A freezing wraith (D:11)
  2 hippogriffs
  Sigmund (D:2)
  5 wraiths
  3 yaks (D:11)
  A wyvern (D:11)
  The ghost of PurpleRed the Conjurer, an amateur KoCj (D:3)
  A black bear (D:9)
  2 orc warriors
  2 sky beasts
  2 ogres
  4 wolves (D:10)
  3 centaurs
  3 big kobolds
  6 bullfrogs
  A wyvern skeleton (D:9)
  7 scorpions
  3 killer bees (D:10)
  4 howler monkeys
  2 crimson imps
  A bullfrog zombie (D:10)
  A jelly (D:11)
  Crazy Yiuf (D:5)
  9 hounds
  A bullfrog skeleton (D:5)
  2 iguanas (D:9)
  5 orc wizards
  2 worker ants
  A worker ant zombie (D:9)
  A howler monkey skeleton (D:9)
  6 adders
  A shadow imp (D:5)
  A dart slug (D:2)
  4 leopard geckos
  14 orcs
  7 giant cockroaches
  2 goblins (D:1)
  2 hobgoblins (D:2)
  10 jackals
  15 kobolds
  2 quokkas
  4 bats
  5 frilled lizards
  A quokka skeleton (D:9)
  3 rats (D:1)
  2 fungi (D:9)
166 creatures vanquished.

Notes
Turn   | Place    | Note
-------+----------+-------------------------------------------
     0 | D:1      | PurpleRed the Kobold Conjurer began the quest for the Orb.
     0 | D:1      | Reached XP level 1. HP: 10/10 MP: 3/3
   150 | D:1      | Reached XP level 2. HP: 12/15 MP: 0/5
   271 | D:2      | Learned a level 2 spell: Searing Ray
   282 | D:2      | Reached XP level 3. HP: 5/19 MP: 0/7
   346 | D:2      | Noticed Sigmund
   606 | D:2      | Killed Sigmund
   606 | D:2      | Reached skill level 5 in Conjurations
   606 | D:2      | Reached XP level 4. HP: 24/24 MP: 0/10
   606 | D:2      | Reached XP level 5. HP: 28/28 MP: 0/11
   613 | D:2      | Learned a level 5 spell: Iskenderun's Battlesphere
   651 | D:2      | Found a faded altar of an unknown god.
   662 | D:2      | Reached XP level 6. HP: 31/32 MP: 3/12
   719 | D:3      | Noticed PurpleRed's ghost (amateur KoCj)
   760 | D:3      | Killed PurpleRed's ghost
   760 | D:3      | Reached skill level 1 in Charms
   902 | D:3      | Reached skill level 6 in Conjurations
   902 | D:3      | Reached XP level 7. HP: 17/36 MP: 3/14
   920 | D:3      | Found an ancient bone altar of Kikubaaqudgha.
   920 | D:3      | Found a radiant altar of Vehumet.
   920 | D:3      | Found an opulent altar of Gozag.
   920 | D:3      | Found a basalt altar of Yredelemnul.
   936 | D:3      | Became a worshipper of Vehumet
   941 | D:3      | Found a deep blue altar of Sif Muna.
   941 | D:3      | Found a bloodstained altar of Trog.
   988 | D:5      | Entered Level 5 of the Dungeon
  1082 | D:5      | Found a runed door.
  1086 | D:5      | Noticed Crazy Yiuf
  1090 | D:5      | Killed Crazy Yiuf
  1090 | D:5      | Reached skill level 5 in Spellcasting
  1170 | D:5      | Found a staircase to the Ecumenical Temple.
  1284 | D:4      | Got a twisted ring mail
  1439 | D:5      | Reached * piety under Vehumet
  1439 | D:5      | Offered knowledge of Sting by Vehumet.
  1463 | D:5      | Reached skill level 7 in Conjurations
  1463 | D:5      | Reached XP level 8. HP: 29/41 MP: 6/16
  1481 | D:5      | Found a hazy altar of Hepliaklqana.
  1481 | D:5      | Found an iron altar of Okawaru.
  1481 | D:5      | Found a shattered altar of Ashenzari.
  1962 | D:7      | Found a hide-covered altar of Uskayaw.
  1967 | D:7      | Found a stormy altar of Qazlal.
  1970 | D:7      | Found a burning altar of Makhleb.
  1997 | D:7      | Reached skill level 8 in Conjurations
  2107 | D:8      | Noticed a hippogriff
  2126 | D:8      | Killed a hippogriff
  2126 | D:8      | Reached XP level 9. HP: 45/45 MP: 6/18
  2233 | D:8      | Noticed Maurice
  2362 | D:8      | Identified the cursed +0 ring mail "Ycseg" {*Corrode rPois rN+ Str+4 Int+2} (You found it on level 4 of the Dungeon)
  2399 | D:8      | Reached skill level 9 in Conjurations
  2412 | D:8      | Paralysed by Maurice for 6 turns
  2427 | D:8      | Killed Maurice
  2527 | D:9      | Noticed a hippogriff
  2532 | D:9      | Killed a hippogriff
  2739 | D:9      | Learned a level 4 spell: Iskenderun's Mystic Blast
  2792 | D:9      | Offered knowledge of Throw Frost by Vehumet.
  2793 | D:9      | Noticed Joseph
  2805 | D:9      | Killed Joseph
  2805 | D:9      | Reached ** piety under Vehumet
  2805 | D:9      | Reached skill level 10 in Conjurations
  2805 | D:9      | Reached XP level 10. HP: 27/50 MP: 2/21
  2840 | D:9      | Found a staircase to the Lair.
  2928 | D:9      | Reached skill level 5 in Charms
  2997 | D:9      | Noticed Erica
  3011 | D:9      | Killed Erica
  3017 | D:10     | Entered Level 10 of the Dungeon
  3030 | D:9      | Noticed a cyan ugly thing
  3089 | D:9      | Reached skill level 11 in Conjurations
  3211 | D:10     | Offered knowledge of Mephitic Cloud by Vehumet.
  3244 | D:11     | Noticed a purple ugly thing
  3286 | D:11     | Noticed a death knight
  3387 | D:10     | Gained mutation: You have a pair of small horns on your head. [potion of mutation]
  3387 | D:10     | Gained mutation: You have an increased reservoir of magic. (+10% MP) [potion of mutation]
  3387 | D:10     | Gained mutation: You are robust. (+10% HP) [potion of mutation]
  3444 | D:10     | Noticed Psyche
  3451 | D:10     | Killed Psyche
  3529 | D:10     | Reached *** piety under Vehumet
  3557 | D:10     | Noticed a gargoyle
  3572 | D:10     | Killed a gargoyle
  3618 | D:10     | Reached XP level 11. HP: 14/59 MP: 21/26
  3622 | D:10     | Noticed Josephine
  3654 | D:10     | Killed Josephine
  3654 | D:10     | Reached skill level 12 in Conjurations
  3667 | D:10     | Noticed Grum
  3761 | D:11     | Offered knowledge of Force Lance by Vehumet.
  3761 | D:11     | Reached skill level 10 in Spellcasting
  3962 | D:11     | Noticed a hill giant
  4141 | D:11     | Killed a hill giant
  4206 | D:11     | Noticed a hill giant
  4279 | D:11     | Killed a purple ugly thing
  4377 | D:11     | Killed a hill giant
  4394 | D:11     | Slain by a freezing wraith

Vault maps used:
D:1:      evilmike_arrival_hilbert_curve
D:2:      ecumenical_altar_2, dk_yredelemnul_ordeal, uniq_sigmund, uniq_robin
D:3:      minmay_overflow_temple_hex, minmay_door_square
D:4:      minmay_diamond_boxcup, first_bread
D:5:      gammafunk_temple_overflow_forgotten, minmay_statues_item,
          minmay_misc_feat_secret_circle, hex_tiny, st_stairs_5,
          uniq_crazy_yiuf_cottage
D:7:      minitemple, roderic_serpentine_path, uniq_pikel
D:8:      uniq_prince_ribbit1, uniq_maurice
D:9:      cheibrodos_helix_gallery, dpeg_oklobed_lair, uniq_erica, uniq_joseph
D:10:     uniq_psyche, uniq_josephine, uniq_grum
D:11:     serial_glass, glass_columns_b, glass_columns_a
D:12:     orc_david_3, uniq_nessos, uniq_frances

Skill      XL: |  1  2  3  4  5  6  7  8  9 10 11 |
---------------+----------------------------------+-----
Spellcasting   | 3 4 5 6 7 9 10 | 10.7
Conjurations   | 5 6 7 8 10 11 12 | 12.7
Charms         | 1 2 3 4 5 |  5.4
Dodging        | |  2.4
Stealth        | |  2.6

Action                   |  1- 3 |  4- 6 |  7- 9 | 10-12 || total
-------------------------+-------+-------+-------+-------++-------
Melee: Unarmed           |    13 |       |       |       ||    13
       Dagger            |    30 |     1 |       |       ||    31
       Quarterstaff      |       |       |    82 |    72 ||   154
       Headbutt          |       |       |       |     1 ||     1
 Cast: Magic Dart        |    29 |    19 |    39 |    57 ||   144
       Searing Ray       |     2 |     3 |    34 |    24 ||    63
       Iskenderun's Batt |       |       |     7 |    24 ||    31
       Iskenderun's Myst |       |       |       |    17 ||    17
Evoke: Wand              |       |       |       |     1 ||     1
  Use: Scroll            |       |       |    11 |     5 ||    16
       Potion            |       |       |       |     7 ||     7
 Stab: Sleeping          |       |     1 |     3 |     2 ||     6
       Confused          |       |       |       |     1 ||     1
  Eat: Chunk             |       |     6 |     9 |    12 ||    27
Armor: Robe              |    11 |     2 |    31 |    26 ||    70
       Skin              |       |       |       |     3 ||     3
Dodge: Dodged            |    69 |     6 |   106 |   112 ||   293
